Capitals vs Devils

Created - February 16, 2016 at 18:31

Goals
1 2 3 T
Capitals 1 1 1 3
Devils 0 2 3 5
Shots
1 2 3 T
Capitals 12 3 3 18
Devils 3 13 13 29

1st period

1. Capitals , David Desharnais 12 (Alexander Ovechkin, Ryan McDonagh) at 6:00 (PP)

Penalties :
John-Michael Liles (NJD) for Elbowing (Minor) at 1:50, James Neal (NJD) for Holding (Minor) at 5:30, Johan Franzen (NJD) for Holding (Minor) at 7:42, Dan Hamhuis (NJD) for High sticking (Minor) at 18:20

2nd period

2. Capitals , Alexander Ovechkin 27 (Jay Harrison) at 3:50
3. Devils , Jake Muzzin 7 (Tyler Johnson) at 5:17 (PP)
4. Devils , Derek Roy 6 (Chris Kelly, Nick Schultz) at 16:28

Penalties :
Alexander Ovechkin (WSH) for High sticking (Double Minor) at 4:46, Tommy Wingels (NJD) for Holding (Minor) at 10:27

3rd period

5. Devils , Trevor Daley 10 (James Neal, Mikko Koivu) at 3:45 (PP)
6. Capitals , David Desharnais 13 (Alexander Ovechkin, Mike Green) at 6:21 (SH)
7. Devils , Trevor Daley 11 (Tommy Wingels) at 8:19
8. Devils , Brandon Sutter 14 (Nick Schultz) at 19:30 (SH) (Empty Net)

Penalties :
Matt Stajan (WSH) for Slashing (Minor) at 3:10, Derek Dorsett (WSH) for Tripping (Minor) at 5:19, Derek Dorsett (WSH) for Holding Stick (Minor) at 14:17, Dan Hamhuis (NJD) for Holding (Minor) at 18:20

Goalie Stats

Jimmy Howard (WSH), 24 saves from 28 shots - (0.857), L, 22-20-5, 59:45 minutes
Corey Crawford (NJD), 15 saves from 18 shots - (0.833), W, 27-23-4, 60:00 minutes

Players Stats for Capitals

Player Name              G  A  P  +/- PIM S  H  SB GA TA FO     MP     PP MP  PK MP  
------------------------------------------------------------------------------------
Alexander Ovechkin       1  2  3   2  4   2  2  0  0  0  6/8    24:09   5:52   2:02 
Alexander Semin          0  0  0  -1  0   1  0  0  0  0  1/2    12:02   0:45   0:00 
Bryce Salvador           0  0  0  -1  0   0  0  3  0  0  0/0    20:09   4:39   2:21 
Calvin de Haan           0  0  0   1  0   0  0  0  0  0  0/0    10:59   0:00   0:00 
Cody Eakin               0  0  0  -1  0   0  0  0  0  0  0/1     7:39   3:18   1:43 
Curtis Lazar             0  0  0   0  0   1  0  0  0  0  5/7     4:12   0:00   0:00 
David Desharnais         2  0  2   2  0   5  0  1  0  0  5/12   25:16   5:33   4:31 
Derek Dorsett            0  0  0  -2  4   0  2  0  0  0  2/2    23:55   5:18   1:33 
Jay Harrison             0  1  1   1  0   0  1  0  0  0  0/0    15:20   0:00   0:00 
Jiri Tlusty              0  0  0  -1  0   2  0  0  0  0  6/9    15:16   0:00   0:00 
Mathew Dumba             0  0  0   0  0   0  0  1  0  0  0/0     4:39   0:00   0:00 
Mathieu Perreault        0  0  0   0  0   0  0  0  0  0  1/2     1:54   0:55   0:00 
Matt Stajan              0  0  0  -1  2   1  2  0  0  0  11/25  20:56   3:58   2:18 
Mike Green               0  1  1  -1  0   0  2  0  0  0  0/0    24:31   5:26   4:42 
Nate Guenin              0  0  0  -1  0   0  0  3  0  0  0/0    20:09   4:39   2:21 
Ryan McDonagh            0  1  1  -1  0   2  1  1  0  0  0/0    24:31   5:26   4:42 
Taylor Hall              0  0  0  -1  0   0  0  0  0  0  0/0    11:43   0:00   0:00 
Tomas Fleischmann        0  0  0  -1  0   4  0  0  0  0  4/10   25:33   4:36   1:59 

Players Stats for Devils

Player Name              G  A  P  +/- PIM S  H  SB GA TA FO     MP     PP MP  PK MP  
------------------------------------------------------------------------------------
Ales Hemsky              0  0  0   1  0   0  0  0  0  0  1/4     6:00   0:00   0:00 
Brandon Sutter           1  0  1  -1  0   4  0  0  0  0  6/10   20:24   3:10   5:27 
Chris Kelly              0  1  1   1  0   0  0  1  0  0  0/2    13:44   0:00   1:22 
Dan Hamhuis              0  0  0  -1  4   1  3  3  0  0  0/0    18:35   2:37   0:00 
Darren Helm              0  0  0   1  0   0  1  0  0  0  1/1     6:00   0:00   0:00 
Derek Roy                1  0  1   1  0   1  0  0  0  0  2/13   12:22   0:00   0:00 
Drew Stafford            0  0  0   0  0   4  1  0  0  0  1/1    21:44   3:10   4:53 
Jake Muzzin              1  0  1   0  0   1  0  1  0  0  0/0    24:13   4:26   4:54 
James Neal               0  1  1   0  2   3  1  0  0  0  0/0    17:33   3:53   0:00 
Johan Franzen            0  0  0  -1  2   0  4  0  0  0  0/1    18:31   3:53   3:50 
John-Michael Liles       0  0  0   2  2   2  0  0  0  0  0/0    12:38   0:00   0:40 
Justin Schultz           0  0  0  -1  0   0  0  0  0  0  0/0    23:47   2:37   5:10 
Michal Rozsival          0  0  0   0  0   0  0  0  0  0  0/0     0:00   0:00   0:00 
Mikko Koivu              0  1  1   0  0   3  0  0  0  0  15/24  22:12   3:53   4:38 
Nick Schultz             0  2  2   2  0   0  3  1  0  0  0/0    16:54   0:00   4:55 
Tommy Wingels            0  1  1   2  2   2  1  0  0  0  0/0    17:23   0:00   0:00 
Trevor Daley             2  0  2   0  0   4  0  2  0  0  0/0    23:50   4:26   4:31 
Tyler Johnson            0  1  1  -2  0   4  0  0  0  0  11/22  13:59   3:10   0:00 

3 Stars

1 - David Desharnais (WSH)
2 - Trevor Daley (NJD)
3 - Alexander Ovechkin (WSH)

Power Play

Capitals - 1 on 6 Attempt(s) - 16.67%
Devils - 2 on 5 Attempt(s) - 40.00%

Penalty Kill

Capitals - 3 on 5 Attempt(s) - 60.00% - Score 1 goal in Penalty Kill
Devils - 5 on 6 Attempt(s) - 83.33% - Score 1 goal in Penalty Kill

Team Stat

Capitals - Hits : 10 - Faceoff Wins : 41 - Blocked Shots : 9 - Penalty Minutes : 10
Devils - Hits : 14 - Faceoff Wins : 37 - Blocked Shots : 8 - Penalty Minutes : 12

Official

Referees : Rob Martell and Tom Chmielewski
Linesman : Pierre Champoux and Steve Miller

Game Notes

Mathieu Perreault is injured at 5:13 of 1st period (Sports Hernia)
Brandon Sutter has scored in a empty net!

Finance

Level 1 -- Attendance: 2083 (34.72%) -- Ticket Income $520,750
Level 2 -- Attendance: 1596 (31.92%) -- Ticket Income $319,200
Level 3 -- Attendance: 872 (43.60%) -- Ticket Income $152,600
Level 4 -- Attendance: 690 (19.03%) -- Ticket Income $103,500
Luxury Box -- Attendance: 477 (47.70%) -- Ticket Income $190,800
Game was played at the Prudential Center.
Total Attendance: 5718 (32.44%)
Total Ticket Income: $1,286,850
Other Income: $193,028
Total Income: $1,479,878

% Time on Ice - Capitals

Lines # - Real PCT - Wanted PCT - Time Play
Normal Forward
1 - 37% - 33% - 15:53
2 - 26% - 30% - 11:04
3 - 27% - 22% - 11:43
4 - 10% - 15% - 4:12
Normal Defense
1 - 34% - 33% - 14:23
2 - 25% - 26% - 10:41
3 - 31% - 26% - 13:09
4 - 11% - 15% - 4:39
PP Forward
1 - 47% - 60% - 4:47
2 - 53% - 40% - 5:18
PP Defense
1 - 54% - 60% - 5:26
2 - 46% - 40% - 4:39
PK Forward
1 - 72% - 60% - 5:04
2 - 28% - 40% - 1:59
PK Defense
1 - 67% - 60% - 4:42
2 - 33% - 40% - 2:21
PK3 Forward
1 - 0% - 60%
2 - 0% - 40%
PK3 Defense
1 - 0% - 60%
2 - 0% - 40%
44 Forward
1 - 0% - 60%
2 - 0% - 40%
44 Defense
1 - 0% - 60%
2 - 0% - 40%
Last Minute Offensive  - 0:00
Last Minute Defensive  - 0:00
Total
Forward - 60:00
Defense - 60:00

% Time on Ice - Devils

Lines # - Real PCT - Wanted PCT - Time Play
Normal Forward
1 - 32% - 35% - 13:41
2 - 25% - 30% - 10:49
3 - 29% - 25% - 12:22
4 - 14% - 10% - 6:00
Normal Defense
1 - 35% - 40% - 14:53
2 - 37% - 40% - 16:00
3 - 28% - 20% - 11:59
4 - 0% - 0% - 0:00
PP Forward
1 - 55% - 55% - 3:53
2 - 45% - 45% - 3:10
PP Defense
1 - 63% - 70% - 4:26
2 - 37% - 30% - 2:37
PK Forward
1 - 52% - 50% - 5:12
2 - 48% - 50% - 4:53
PK Defense
1 - 49% - 50% - 4:55
2 - 51% - 50% - 5:10
PK3 Forward
1 - 0% - 50%
2 - 0% - 50%
PK3 Defense
1 - 0% - 60%
2 - 0% - 40%
44 Forward
1 - 0% - 50%
2 - 0% - 50%
44 Defense
1 - 0% - 60%
2 - 0% - 40%
Last Minute Offensive  - 0:00
Last Minute Defensive  - 0:00
Total
Forward - 60:00
Defense - 60:00

Play by Play

1st period


0:01 of 1st period - Mikko Koivu wins face-off versus Mathieu Perreault in neutral zone.
0:22 of 1st period - Jake Muzzin is hit by Mike Green and loses puck.
1:14 of 1st period - Shot by Jiri Tlusty.
1:14 of 1st period - Stopped by Corey Crawford without a rebound.
1:15 of 1st period - Matt Stajan wins face-off versus Chris Kelly in Devils zone.
1:15 of 1st period - Matt Stajan is hit by Nick Schultz.
1:36 of 1st period - Taylor Hall is hit by Nick Schultz and loses puck.
1:50 of 1st period - Minor Penalty to John-Michael Liles for Elbowing.
1:51 of 1st period - Mikko Koivu wins face-off versus Matt Stajan in Devils zone.
3:10 of 1st period - Icing by Ryan McDonagh.
3:11 of 1st period - David Desharnais wins face-off versus Mikko Koivu in Capitals zone.
3:11 of 1st period - David Desharnais is hit by Johan Franzen.
3:24 of 1st period - Shot by David Desharnais.
3:24 of 1st period - Stopped by Corey Crawford without a rebound.
3:25 of 1st period - Alexander Ovechkin wins face-off versus Brandon Sutter in Devils zone.
3:54 of 1st period - Icing by Jiri Tlusty.
3:55 of 1st period - Jiri Tlusty wins face-off versus Ales Hemsky in Capitals zone.
4:45 of 1st period - Tommy Wingels is hit by Mike Green and loses puck.
5:11 of 1st period - Icing by Justin Schultz.
5:12 of 1st period - Mathieu Perreault wins face-off versus Tyler Johnson in Devils zone.
5:12 of 1st period - Mathieu Perreault is hit by Dan Hamhuis.
5:13 of 1st period - Mathieu Perreault from Capitals is injured at 5:13 of 1st period (Sports Hernia).
5:14 of 1st period - Tomas Fleischmann wins face-off versus Mikko Koivu in Devils zone.
5:15 of 1st period - Shot by David Desharnais.
5:15 of 1st period - Deflect By Alexander Ovechkin.
5:15 of 1st period - Shot Misses the Net.
5:17 of 1st period - Shot by Alexander Ovechkin.
5:17 of 1st period - Stopped by Corey Crawford without a rebound.
5:18 of 1st period - Drew Stafford wins face-off versus Tomas Fleischmann in Devils zone.
5:30 of 1st period - Minor Penalty to James Neal for Holding.
5:31 of 1st period - Alexander Ovechkin wins face-off versus Mikko Koivu in Devils zone.
5:36 of 1st period - Shot by David Desharnais.
5:36 of 1st period - Stopped by Corey Crawford without a rebound.
5:37 of 1st period - Alexander Ovechkin wins face-off versus Mikko Koivu in Devils zone.
5:58 of 1st period - Shot by Ryan McDonagh.
5:58 of 1st period - Shot Misses the Net.
6:00 of 1st period - Shot by Alexander Ovechkin.
6:00 of 1st period - Deflect By David Desharnais.
6:00 of 1st period - Goal by David Desharnais - Capitals : 1 - Devils : 0.
6:01 of 1st period - Curtis Lazar wins face-off versus Derek Roy in neutral zone.
6:03 of 1st period - Off-side.
6:04 of 1st period - Curtis Lazar wins face-off versus Johan Franzen in neutral zone.
6:16 of 1st period - Jiri Tlusty is hit by Dan Hamhuis and loses puck.
6:21 of 1st period - Shot by Curtis Lazar.
6:21 of 1st period - Stopped by Corey Crawford without a rebound.
6:22 of 1st period - Mikko Koivu wins face-off versus Tomas Fleischmann in Devils zone.
6:22 of 1st period - Jake Muzzin is hit by Alexander Ovechkin and loses puck.
7:42 of 1st period - Minor Penalty to Johan Franzen for Holding.
7:43 of 1st period - Brandon Sutter wins face-off versus Matt Stajan in Devils zone.
8:35 of 1st period - Off-side.
8:36 of 1st period - Brandon Sutter wins face-off versus Cody Eakin in neutral zone.
8:53 of 1st period - Shot by Cody Eakin.
8:53 of 1st period - Shot Misses the Net.
9:24 of 1st period - Off-side.
9:25 of 1st period - Matt Stajan wins face-off versus Brandon Sutter in neutral zone.
10:50 of 1st period - Tommy Wingels is hit by Matt Stajan and loses puck.
10:57 of 1st period - Shot by Matt Stajan.
10:57 of 1st period - Deflect By Alexander Ovechkin.
10:57 of 1st period - Shot Misses the Net.
11:06 of 1st period - Icing by Ales Hemsky.
11:07 of 1st period - Curtis Lazar wins face-off versus Ales Hemsky in Devils zone.
11:57 of 1st period - Icing by David Desharnais.
11:58 of 1st period - Tyler Johnson wins face-off versus Matt Stajan in Capitals zone.
11:59 of 1st period - Shot by Brandon Sutter.
11:59 of 1st period - Shot Misses the Net.
13:30 of 1st period - Shot by David Desharnais.
13:30 of 1st period - Shot Misses the Net.
13:32 of 1st period - Shot by Ryan McDonagh.
13:32 of 1st period - Stopped by Corey Crawford with a rebound.
13:42 of 1st period - Shot by Taylor Hall.
13:42 of 1st period - Shot Blocked by Trevor Daley.
13:44 of 1st period - Shot by Ryan McDonagh.
13:44 of 1st period - Stopped by Corey Crawford without a rebound.
13:45 of 1st period - Matt Stajan wins face-off versus Tyler Johnson in Devils zone.
15:39 of 1st period - Icing by Jiri Tlusty.
15:40 of 1st period - Alexander Semin wins face-off versus Mikko Koivu in Capitals zone.
15:49 of 1st period - Shot by Mike Green.
15:49 of 1st period - Shot Blocked by Dan Hamhuis.
15:51 of 1st period - Shot by Tomas Fleischmann.
15:51 of 1st period - Stopped by Corey Crawford with a rebound.
15:53 of 1st period - Shot by Jiri Tlusty.
15:53 of 1st period - Shot Misses the Net.
16:15 of 1st period - Shot by James Neal.
16:15 of 1st period - Stopped by Jimmy Howard without a rebound.
16:16 of 1st period - Derek Dorsett wins face-off versus Tyler Johnson in Capitals zone.
16:20 of 1st period - David Desharnais is hit by Johan Franzen and loses puck.
17:11 of 1st period - Shot by Drew Stafford.
17:11 of 1st period - Stopped by Jimmy Howard without a rebound.
17:12 of 1st period - Mikko Koivu wins face-off versus Jiri Tlusty in Capitals zone.
17:13 of 1st period - Shot by Drew Stafford.
17:13 of 1st period - Stopped by Jimmy Howard with a rebound.
17:34 of 1st period - Shot by Tomas Fleischmann.
17:34 of 1st period - Stopped by Corey Crawford without a rebound.
17:35 of 1st period - Curtis Lazar wins face-off versus Derek Roy in Devils zone.
18:03 of 1st period - Shot by Curtis Lazar.
18:03 of 1st period - Shot Blocked by Trevor Daley.
18:05 of 1st period - Shot by Tomas Fleischmann.
18:05 of 1st period - Stopped by Corey Crawford without a rebound.
18:06 of 1st period - Matt Stajan wins face-off versus Tyler Johnson in Devils zone.
18:20 of 1st period - Minor Penalty to Dan Hamhuis for High sticking.
18:21 of 1st period - Brandon Sutter wins face-off versus Matt Stajan in Devils zone.
19:45 of 1st period - Shot by Mike Green.
19:45 of 1st period - Shot Misses the Net.
19:51 of 1st period - Shot by David Desharnais.
19:51 of 1st period - Stopped by Corey Crawford without a rebound.
19:52 of 1st period - Brandon Sutter wins face-off versus Matt Stajan in Devils zone.
Goals for this period are 1 for Capitals vs 0 for Devils.
Shots for this period are 12 for Capitals vs 3 for Devils.

2nd period


0:01 of 2nd period - Brandon Sutter wins face-off versus Alexander Ovechkin in neutral zone.
0:30 of 2nd period - Shot by Tommy Wingels.
0:30 of 2nd period - Stopped by Jimmy Howard without a rebound.
0:31 of 2nd period - Mikko Koivu wins face-off versus Curtis Lazar in Capitals zone.
0:34 of 2nd period - Shot by Drew Stafford.
0:34 of 2nd period - Shot Misses the Net.
0:36 of 2nd period - Shot by Dan Hamhuis.
0:36 of 2nd period - Shot Misses the Net.
0:38 of 2nd period - Shot by James Neal.
0:38 of 2nd period - Shot Misses the Net.
0:50 of 2nd period - Shot by Mikko Koivu.
0:50 of 2nd period - Shot Blocked by Bryce Salvador.
0:52 of 2nd period - Shot by Drew Stafford.
0:52 of 2nd period - Shot Blocked by Nate Guenin.
1:04 of 2nd period - Shot by Mikko Koivu.
1:04 of 2nd period - Stopped by Jimmy Howard without a rebound.
1:05 of 2nd period - Matt Stajan wins face-off versus Chris Kelly in Capitals zone.
1:16 of 2nd period - Shot by Matt Stajan.
1:16 of 2nd period - Stopped by Corey Crawford with a rebound.
1:20 of 2nd period - Shot by Taylor Hall.
1:20 of 2nd period - Shot Misses the Net.
1:22 of 2nd period - Shot by Calvin de Haan.
1:22 of 2nd period - Shot Blocked by Jake Muzzin.
2:28 of 2nd period - Shot by Brandon Sutter.
2:28 of 2nd period - Shot Misses the Net.
2:41 of 2nd period - Icing by Ryan McDonagh.
2:42 of 2nd period - Mikko Koivu wins face-off versus Tomas Fleischmann in Capitals zone.
2:43 of 2nd period - Shot by James Neal.
2:43 of 2nd period - Stopped by Jimmy Howard without a rebound.
2:44 of 2nd period - Matt Stajan wins face-off versus Mikko Koivu in Capitals zone.
2:46 of 2nd period - Icing by Taylor Hall.
2:47 of 2nd period - Mikko Koivu wins face-off versus Matt Stajan in Capitals zone.
2:55 of 2nd period - Taylor Hall is hit by Nick Schultz and loses puck.
3:10 of 2nd period - Icing by Mikko Koivu.
3:11 of 2nd period - Tomas Fleischmann wins face-off versus Mikko Koivu in Devils zone.
3:20 of 2nd period - Shot by Mikko Koivu.
3:20 of 2nd period - Stopped by Jimmy Howard with a rebound.
3:50 of 2nd period - Shot by Alexander Ovechkin.
3:50 of 2nd period - Goal by Alexander Ovechkin - Capitals : 2 - Devils : 0.
3:51 of 2nd period - Tyler Johnson wins face-off versus Matt Stajan in neutral zone.
4:17 of 2nd period - Icing by Justin Schultz.
4:18 of 2nd period - Derek Dorsett wins face-off versus Tyler Johnson in Devils zone.
4:46 of 2nd period - Double Minor Penalty to Alexander Ovechkin for High sticking.
4:47 of 2nd period - David Desharnais wins face-off versus Mikko Koivu in Capitals zone.
5:07 of 2nd period - Shot by Jake Muzzin.
5:07 of 2nd period - Shot Blocked by Ryan McDonagh.
5:09 of 2nd period - Shot by Mikko Koivu.
5:09 of 2nd period - Stopped by Jimmy Howard without a rebound.
5:10 of 2nd period - Tyler Johnson wins face-off versus David Desharnais in Capitals zone.
5:15 of 2nd period - Shot by Jake Muzzin.
5:15 of 2nd period - Shot Misses the Net.
5:17 of 2nd period - Shot by Jake Muzzin.
5:17 of 2nd period - Goal by Jake Muzzin - Capitals : 2 - Devils : 1.
5:18 of 2nd period - David Desharnais wins face-off versus Tyler Johnson in neutral zone.
5:28 of 2nd period - Icing by Tyler Johnson.
5:29 of 2nd period - Tyler Johnson wins face-off versus David Desharnais in Devils zone.
5:53 of 2nd period - Icing by Dan Hamhuis.
5:54 of 2nd period - David Desharnais wins face-off versus Tyler Johnson in Devils zone.
7:03 of 2nd period - Ryan McDonagh is hit by Johan Franzen and loses puck.
7:16 of 2nd period - Tyler Johnson is hit by Matt Stajan.
7:45 of 2nd period - Shot by Derek Roy.
7:45 of 2nd period - Shot Blocked by Mathew Dumba.
8:39 of 2nd period - Shot by Tomas Fleischmann.
8:39 of 2nd period - Shot Misses the Net.
9:36 of 2nd period - Shot by Drew Stafford.
9:36 of 2nd period - Stopped by Jimmy Howard without a rebound.
9:37 of 2nd period - Curtis Lazar wins face-off versus Derek Roy in Capitals zone.
10:03 of 2nd period - Off-side.
10:04 of 2nd period - Mikko Koivu wins face-off versus Matt Stajan in neutral zone.
10:16 of 2nd period - Shot by James Neal.
10:16 of 2nd period - Stopped by Jimmy Howard without a rebound.
10:17 of 2nd period - Matt Stajan wins face-off versus Ales Hemsky in Capitals zone.
10:19 of 2nd period - David Desharnais is hit by Darren Helm and loses puck.
10:27 of 2nd period - Minor Penalty to Tommy Wingels for Holding.
10:28 of 2nd period - Brandon Sutter wins face-off versus Alexander Ovechkin in Devils zone.
11:57 of 2nd period - Shot by Brandon Sutter.
11:57 of 2nd period - Shot Misses the Net.
11:59 of 2nd period - Shot by Brandon Sutter.
11:59 of 2nd period - Shot Blocked by Bryce Salvador.
12:01 of 2nd period - Shot by Drew Stafford.
12:01 of 2nd period - Stopped by Jimmy Howard without a rebound.
12:02 of 2nd period - Mikko Koivu wins face-off versus David Desharnais in Capitals zone.
12:27 of 2nd period - Shot by David Desharnais.
12:27 of 2nd period - Shot Blocked by Nick Schultz.
12:35 of 2nd period - Shot by Tommy Wingels.
12:35 of 2nd period - Shot Misses the Net.
12:49 of 2nd period - Shot by Jiri Tlusty.
12:49 of 2nd period - Stopped by Corey Crawford with a rebound.
12:52 of 2nd period - Icing by Derek Roy.
12:53 of 2nd period - Derek Roy wins face-off versus Matt Stajan in Devils zone.
12:58 of 2nd period - Shot by Chris Kelly.
12:58 of 2nd period - Shot Blocked by Nate Guenin.
13:44 of 2nd period - Icing by Derek Roy.
13:45 of 2nd period - Jiri Tlusty wins face-off versus Derek Roy in Devils zone.
15:12 of 2nd period - Trevor Daley is hit by Jay Harrison.
16:19 of 2nd period - Shot by Brandon Sutter.
16:19 of 2nd period - Stopped by Jimmy Howard without a rebound.
16:20 of 2nd period - Derek Roy wins face-off versus Jiri Tlusty in Capitals zone.
16:20 of 2nd period - Derek Roy is hit by Ryan McDonagh.
16:28 of 2nd period - Shot by Derek Roy.
16:28 of 2nd period - Goal by Derek Roy - Capitals : 2 - Devils : 2.
16:29 of 2nd period - Jiri Tlusty wins face-off versus Derek Roy in neutral zone.
17:31 of 2nd period - Shot by Brandon Sutter.
17:31 of 2nd period - Stopped by Jimmy Howard without a rebound.
17:32 of 2nd period - Tyler Johnson wins face-off versus David Desharnais in Capitals zone.
17:33 of 2nd period - Shot by John-Michael Liles.
17:33 of 2nd period - Stopped by Jimmy Howard without a rebound.
17:34 of 2nd period - Alexander Ovechkin wins face-off versus Tyler Johnson in Capitals zone.
18:00 of 2nd period - Nick Schultz is hit by Derek Dorsett and loses puck.
18:46 of 2nd period - Icing by Tomas Fleischmann.
18:47 of 2nd period - Jiri Tlusty wins face-off versus Derek Roy in Capitals zone.
18:58 of 2nd period - Shot by Jiri Tlusty.
18:58 of 2nd period - Shot Misses the Net.
Goals for this period are 1 for Capitals vs 2 for Devils.
Shots for this period are 3 for Capitals vs 13 for Devils.

3rd period


0:01 of 3rd period - Tyler Johnson wins face-off versus Alexander Semin in neutral zone.
0:22 of 3rd period - Shot by Trevor Daley.
0:22 of 3rd period - Stopped by Jimmy Howard without a rebound.
0:23 of 3rd period - Mikko Koivu wins face-off versus Matt Stajan in Capitals zone.
1:02 of 3rd period - Derek Dorsett is hit by Dan Hamhuis and loses puck.
1:14 of 3rd period - Off-side.
1:15 of 3rd period - Tyler Johnson wins face-off versus Jiri Tlusty in neutral zone.
1:42 of 3rd period - Shot by Tyler Johnson.
1:42 of 3rd period - Stopped by Jimmy Howard with a rebound.
1:51 of 3rd period - Icing by Jiri Tlusty.
1:52 of 3rd period - Jiri Tlusty wins face-off versus Derek Roy in Capitals zone.
3:10 of 3rd period - Minor Penalty to Matt Stajan for Slashing.
3:11 of 3rd period - Mikko Koivu wins face-off versus David Desharnais in Capitals zone.
3:14 of 3rd period - Shot by Johan Franzen.
3:14 of 3rd period - Deflect By James Neal.
3:14 of 3rd period - Shot Misses the Net.
3:43 of 3rd period - Shot by James Neal.
3:43 of 3rd period - Shot Misses the Net.
3:45 of 3rd period - Shot by Trevor Daley.
3:45 of 3rd period - Goal by Trevor Daley - Capitals : 2 - Devils : 3.
3:46 of 3rd period - Tyler Johnson wins face-off versus Curtis Lazar in neutral zone.
4:27 of 3rd period - Jiri Tlusty is hit by Johan Franzen and loses puck.
4:59 of 3rd period - Trevor Daley is hit by Alexander Ovechkin and loses puck.
5:04 of 3rd period - Shot by Trevor Daley.
5:04 of 3rd period - Stopped by Jimmy Howard without a rebound.
5:05 of 3rd period - Matt Stajan wins face-off versus Derek Roy in Capitals zone.
5:09 of 3rd period - Matt Stajan is hit by Tommy Wingels and loses puck.
5:19 of 3rd period - Minor Penalty to Derek Dorsett for Tripping.
5:20 of 3rd period - David Desharnais wins face-off versus Tyler Johnson in Capitals zone.
5:37 of 3rd period - Shot by Alexander Ovechkin.
5:37 of 3rd period - Shot Misses the Net.
6:03 of 3rd period - Icing by Trevor Daley.
6:04 of 3rd period - Alexander Ovechkin wins face-off versus Tyler Johnson in Devils zone.
6:21 of 3rd period - Shot by David Desharnais.
6:21 of 3rd period - Goal by David Desharnais - Capitals : 3 - Devils : 3.
6:22 of 3rd period - Mikko Koivu wins face-off versus Matt Stajan in neutral zone.
7:35 of 3rd period - Shot by Tomas Fleischmann.
7:35 of 3rd period - Shot Misses the Net.
7:37 of 3rd period - Shot by Jiri Tlusty.
7:37 of 3rd period - Shot Blocked by Chris Kelly.
7:39 of 3rd period - Shot by Tomas Fleischmann.
7:39 of 3rd period - Stopped by Corey Crawford without a rebound.
7:40 of 3rd period - Ales Hemsky wins face-off versus Matt Stajan in Devils zone.
8:19 of 3rd period - Shot by Trevor Daley.
8:19 of 3rd period - Goal by Trevor Daley - Capitals : 3 - Devils : 4.
8:20 of 3rd period - Mikko Koivu wins face-off versus Tomas Fleischmann in neutral zone.
8:36 of 3rd period - Shot by Jiri Tlusty.
8:36 of 3rd period - Shot Blocked by Dan Hamhuis.
8:38 of 3rd period - Shot by Tomas Fleischmann.
8:38 of 3rd period - Shot Misses the Net.
8:40 of 3rd period - Shot by Tomas Fleischmann.
8:40 of 3rd period - Shot Blocked by Dan Hamhuis.
8:42 of 3rd period - Shot by Jiri Tlusty.
8:42 of 3rd period - Deflect By Alexander Semin.
8:42 of 3rd period - Stopped by Corey Crawford without a rebound.
8:43 of 3rd period - Tyler Johnson wins face-off versus Tomas Fleischmann in Devils zone.
9:05 of 3rd period - Shot by Tyler Johnson.
9:05 of 3rd period - Stopped by Jimmy Howard without a rebound.
9:06 of 3rd period - Mikko Koivu wins face-off versus Matt Stajan in Capitals zone.
9:52 of 3rd period - Off-side.
9:53 of 3rd period - Jiri Tlusty wins face-off versus Tyler Johnson in neutral zone.
10:13 of 3rd period - Shot by Tyler Johnson.
10:13 of 3rd period - Stopped by Jimmy Howard without a rebound.
10:14 of 3rd period - Tomas Fleischmann wins face-off versus Derek Roy in Capitals zone.
10:37 of 3rd period - Shot by Tommy Wingels.
10:37 of 3rd period - Stopped by Jimmy Howard with a rebound.
10:39 of 3rd period - Shot by John-Michael Liles.
10:39 of 3rd period - Stopped by Jimmy Howard with a rebound.
10:41 of 3rd period - Shot by Nick Schultz.
10:41 of 3rd period - Shot Blocked by David Desharnais.
10:54 of 3rd period - Icing by David Desharnais.
10:55 of 3rd period - Tyler Johnson wins face-off versus Tomas Fleischmann in Capitals zone.
11:01 of 3rd period - Shot by Brandon Sutter.
11:01 of 3rd period - Shot Misses the Net.
11:03 of 3rd period - Shot by Dan Hamhuis.
11:03 of 3rd period - Stopped by Jimmy Howard with a rebound.
11:05 of 3rd period - Shot by Justin Schultz.
11:05 of 3rd period - Shot Blocked by Bryce Salvador.
11:37 of 3rd period - Shot by Johan Franzen.
11:37 of 3rd period - Shot Blocked by Nate Guenin.
11:39 of 3rd period - Shot by Brandon Sutter.
11:39 of 3rd period - Stopped by Jimmy Howard without a rebound.
11:40 of 3rd period - Matt Stajan wins face-off versus Mikko Koivu in Capitals zone.
12:13 of 3rd period - Taylor Hall is hit by James Neal and loses puck.
12:25 of 3rd period - Icing by Ryan McDonagh.
12:26 of 3rd period - Matt Stajan wins face-off versus Derek Roy in Capitals zone.
13:32 of 3rd period - Icing by Dan Hamhuis.
13:33 of 3rd period - Tomas Fleischmann wins face-off versus Derek Roy in Devils zone.
14:17 of 3rd period - Minor Penalty to Derek Dorsett for Holding Stick.
14:18 of 3rd period - Tyler Johnson wins face-off versus David Desharnais in Capitals zone.
14:23 of 3rd period - Shot by Tyler Johnson.
14:23 of 3rd period - Stopped by Jimmy Howard without a rebound.
14:24 of 3rd period - Mikko Koivu wins face-off versus David Desharnais in Capitals zone.
15:25 of 3rd period - Bryce Salvador is hit by Drew Stafford and loses puck.
15:44 of 3rd period - Shot by Tyler Johnson.
15:44 of 3rd period - Shot Misses the Net.
16:38 of 3rd period - Shot by Ales Hemsky.
16:38 of 3rd period - Deflect By Darren Helm.
16:38 of 3rd period - Shot Misses the Net.
16:57 of 3rd period - Icing by John-Michael Liles.
16:58 of 3rd period - Darren Helm wins face-off versus Matt Stajan in Devils zone.
16:58 of 3rd period - Darren Helm is hit by Derek Dorsett.
18:20 of 3rd period - Minor Penalty to Dan Hamhuis for Holding.
18:21 of 3rd period - Alexander Ovechkin wins face-off versus Brandon Sutter in Devils zone.
19:15 of 3rd period - Capitals, Jimmy Howard is pulled from the net.
19:30 of 3rd period - Shot by Brandon Sutter.
19:30 of 3rd period - Goal by Brandon Sutter - Capitals : 3 - Devils : 5.
19:30 of 3rd period - Jimmy Howard from Capitals was sent back in the game.
19:31 of 3rd period - Matt Stajan wins face-off versus Brandon Sutter in neutral zone.
Goals for this period are 1 for Capitals vs 3 for Devils.
Shots for this period are 3 for Capitals vs 13 for Devils.